 Dungeon Crawl Stone Soup version 0.19.0 (webtiles) character file.

184 Danakh the Gusty (level 5, 0/28 HPs)
             Began as a Tengu Air Elementalist on Nov 14, 2016.
             Slain by a river rat (5 damage)
             ... in a sewer.
             The game lasted 00:14:05 (2976 turns).

Danakh the Gusty (Tengu Air Elementalist)           Turns: 2976, Time: 00:14:05

Health: 0/28       AC:  3    Str:  9    XL:     5   Next: 63%
Magic:  6/11       EV: 13    Int: 16    God:
Gold:   188        SH:  0    Dex: 14    Spells: 4 memorised, 2 levels left

rFire  . . .     SeeInvis .     k - +1 hand axe (elec)
rCold  . . .     Gourm    .     a - +0 robe
rNeg   + . .     Faith    +     (no shield)
rPois  .         Spirit   .     (helmet restricted)
rElec  .         Reflect  .     l - +0 cloak
rCorr  .         Harm     .     (no gloves)
MR     .....                    (boots unavailable)
Stlth  +.........               p - amulet of faith
                                x - ring of wizardry
                                t - ring of positive energy

@: repel missiles
A: beak, talons 3, able to fly 1
a: Fly


You were in a sewer.
You were hungry.

You visited 1 branch of the dungeon, and saw 4 of its levels.
You also visited: Sewer.

You collected 188 gold pieces.

Inventory:

Hand Weapons
 k - a +1 hand axe of electrocution (weapon)
Armour
 a - a +0 robe (worn)
 l - a +0 cloak (worn)
Jewellery
 p - an amulet of faith (around neck)
 t - a ring of positive energy (left hand)
 x - a ring of wizardry (right hand)
Scrolls
 e - 2 scrolls of recharging {unknown}
 g - 4 scrolls of identify {unknown}
 h - a scroll of enchant weapon {unknown}
 s - a scroll of blinking {unknown}
 u - a scroll of fear {unknown}
 v - a scroll of random uselessness {unknown}
 w - a scroll of teleportation {unknown}
Potions
 d - a potion of agility {unknown}
 f - a potion of lignification {unknown}
 i - a potion of cancellation {unknown}
 j - a potion of magic {unknown}
 m - a potion of berserk rage {unknown}
 n - 2 potions of curing {unknown}
 o - a potion of heal wounds {unknown}
 r - a potion of ambrosia {unknown}
Books
 b - a book of Air

   Spells                             Type                      Level
   a - Shock                          Conjuration/Air              1
   b - Swiftness                      Charms/Air                   2
   c - Repel Missiles                 Charms/Air                   2
   d - Static Discharge               Conjuration/Air              3
   e - Lightning Bolt                 Conjuration/Air              5
 q - a book of Cantrips

   Spells                             Type                      Level
   a - Confusing Touch                Hexes                        1
   b - Animate Skeleton               Necromancy                   1
   c - Summon Small Mammal            Summoning                    1
   d - Apportation                    Translocation                1
Comestibles
 c - 5 bread rations
 z - a beef jerky


   Skills:
 + Level 2.9 Dodging
 + Level 3.1 Stealth
 * Level 3.4 Spellcasting
 + Level 3.1 Conjurations
 + Level 4.9 Air Magic


You had 2 spell levels left.
You knew the following spells:

 Your Spells              Type           Power        Failure   Level  Hunger
a - Shock                 Conj/Air       ###.         1%          1    None
b - Swiftness             Chrm/Air       ##......     4%          2    ##.....
e - Repel Missiles        Chrm/Air       ##....       4%          2    ##.....
s - Static Discharge      Conj/Air       ###.....     4%          3    ###....


Dungeon Overview and Level Annotations

Branches:
Dungeon (4/15)
 Temple: D:4-7

Altars:
Dithmenos


Innate Abilities, Weirdness & Mutations

You have a beak for a mouth.
You have claws for feet.
You can fly.


Message History

Casting: Shock
Confirm with . or Enter, or press ? or * to list all spells.
Aiming: Shock
Press: ? - help, Shift-Dir - straight line The zap hits the river rat.
The river rat is severely wounded.
The zap misses the river rat.
The river rat barely misses you. x2
Unknown command.
Your unstable footing causes you to fumble your attack.
The river rat bites you! The river rat bites you. The river rat bites you!
* * * LOW HITPOINT WARNING * * *
Unknown command.
The river rat bites you but does no damage.
Casting: Shock
Confirm with . or Enter, or press ? or * to list all spells.
Aiming: Shock
Press: ? - help, Shift-Dir - straight line, f - river rat
Aim: a river rat (water, severely wounded)
The zap misses the river rat.
The river rat bites you.
You die...

#####################
.#≈≈≈≈≈≈≈≈≈≈≈≈≈≈≈....##
.≈≈≈≈≈≈.≈≈≈≈≈≈≈≈≈≈....#
.≈†≈≈≈≈≈#≈≈≈r@≈≈≈≈.∩..#
.≈†≈≈≈≈#≈≈≈≈r≈≈≈≈≈.∩..#
.≈≈≈≈≈≈≈≈.≈≈≈≈≈≈≈≈....#
..≈≈≈≈≈≈≈≈≈≈≈≈≈≈≈....##
######################


You could see 2 river rats.

Vanquished Creatures
  Crazy Yiuf (D:2)
  An orc wizard (D:3)
  2 adders (D:3)
  4 worms
  2 dart slugs (D:1)
  10 orcs
  6 bats (D:3)
  6 giant cockroaches
  8 goblins
  8 hobgoblins
  4 jackals (D:3)
  2 quokkas (D:2)
  2 ball pythons
  2 frilled lizards
  10 kobolds
  18 rats
86 creatures vanquished.

Notes
Turn   | Place    | Note
-------+----------+-------------------------------------------
     0 | D:1      | Danakh the Tengu Air Elementalist began the quest for the Orb.
     0 | D:1      | Reached XP level 1. HP: 10/10 MP: 4/4
   164 | D:1      | Reached XP level 2. HP: 11/15 MP: 1/6
   885 | D:2      | Reached XP level 3. HP: 19/19 MP: 4/7
  1050 | D:2      | Found a shadowy altar of Dithmenos.
  1273 | D:2      | Learned a level 2 spell: Swiftness
  1276 | D:2      | Learned a level 2 spell: Repel Missiles
  1442 | D:2      | Found a runed door.
  1449 | D:2      | Noticed Crazy Yiuf
  1458 | D:2      | Killed Crazy Yiuf
  1458 | D:2      | Reached XP level 4. HP: 9/24 MP: 2/9
  1891 | D:3      | Gained mutation: You can fly. [Tengu growth]
  1891 | D:3      | Reached XP level 5. HP: 28/28 MP: 5/10
  2537 | D:3      | Learned a level 3 spell: Static Discharge
  2856 | D:4      | Found a glowing drain.
  2949 | Sewer    | Entered a sewer
  2976 | Sewer    | Slain by a river rat

Skill      XL: |  1  2  3  4  5 |
---------------+----------------+-----
Conjurations   | 2 3 |  3.1
Spellcasting   | 3 |  3.4
Stealth        | 3 |  3.1
Dodging        | |  2.9
Air Magic      | |  4.9

Action                   |  1- 3 |  4- 6 || total
-------------------------+-------+-------++-------
Melee: Unarmed           |    11 |       ||    11
       Kick              |     3 |     5 ||     8
       Peck              |     3 |     9 ||    12
       Hand axe          |     7 |    37 ||    44
 Cast: Shock             |    75 |    82 ||   157
       Repel Missiles    |     1 |       ||     1
  Use: Scroll            |       |     1 ||     1
  Eat: Chunk             |     1 |     1 ||     2
       Meat ration       |     1 |       ||     1
Armor: Robe              |     1 |     8 ||     9
Dodge: Dodged            |    13 |    32 ||    45
